 Dungeon Crawl Stone Soup version 0.21-a0-225-g207ae17 (webtiles) character file.

7254 tidbits the Fighter (level 10, -3/94 HPs)
             Began as a Yellow Draconian Wanderer on Aug 29, 2017.
             Was a Priest of Wu Jian.
             Slain by Dominolapin's ghost (20 damage)
             ... on level 10 of the Dungeon.
             The game lasted 01:06:33 (5725 turns).

tidbits the Fighter (Yellow Draconian Wanderer)     Turns: 5725, Time: 01:06:34

Health: -3/94      AC:  9    Str: 20    XL:     10   Next: 88%
Magic:  30/30      EV: 24    Int: 12    God:    Wu Jian [***...]
Gold:   433        SH:  6    Dex: 21    Spells: 16/21 levels left

rFire    + . .     SeeInvis .   V - +1 falchion (holy)
rCold    . . .     Gourm    +   D - +0 buckler
rNeg     . . .     Faith    .   (armour unavailable)
rPois    .         Spirit   .   (helmet restricted)
rElec    .         Reflect  .   (no cloak)
rCorr    +         Harm     .   G - +1 pair of gloves
MR       .....     Clarity  +   (no boots)
Stlth    +++.......             y - amulet of the gourmand
HPRegen  0.25/turn              v - ring of magical power
MPRegen  0.22/turn              F - ring of protection from fire

@: mighty, agile
A: spit acid, acid resistance, unfitting armour, agile 1, clarity, high mp 1,
wild magic 1, cold-blooded, AC +7
a: Breathe Acid, Renounce Religion


You were on level 10 of the Dungeon.
You worshipped Wu Jian.
Wu Jian was most pleased with you.
You were very full.

You visited 1 branch of the dungeon, and saw 10 of its levels.
You also visited: Sewer.

You collected 523 gold pieces.
You spent 90 gold pieces at shops.

Inventory:

Hand Weapons
 a - a +2 dagger of speed
   (You took it off a big kobold on level 3 of the Dungeon)
 g - a +0 blowgun
 j - a +0 quarterstaff
 u - a +2 dagger
 M - a +0 vampiric hand axe
   (You found it on level 7 of the Dungeon)
 T - a +0 trident
 V - a +1 falchion of holy wrath (weapon)
   (You took it off an orc on level 7 of the Dungeon)
Missiles
 h - 120 stones (quivered)
 k - 2 javelins
 m - 21 poisoned needles
 p - 65 arrows
 z - a throwing net {!f}
 S - 4 tomahawks
Armour
 l - a +0 pair of gloves
 C - a +0 shield
 D - a +0 buckler (worn)
 G - a +1 pair of gloves (worn)
Jewellery
 v - a ring of magical power (left hand)
   (You found it on level 4 of the Dungeon)
 y - an amulet of the gourmand (around neck)
   (You found it on level 3 of the Dungeon)
 A - an uncursed ring of teleportation
   (You found it on level 4 of the Dungeon)
 F - a ring of protection from fire (right hand)
   (You found it on level 10 of the Dungeon)
 I - an uncursed amulet of guardian spirit
   (You found it on level 4 of the Dungeon)
Wands
 w - a wand of random effects (37/48)
 H - a wand of disintegration (0/24)
 O - a wand of random effects (34/48)
 Q - a wand of acid (3/15)
Scrolls
 b - a scroll of enchant weapon
 e - 2 scrolls of amnesia
 i - a scroll of teleportation
 n - 2 scrolls of magic mapping
 o - a scroll of enchant armour {unknown}
 s - 3 scrolls of remove curse
 x - a scroll of fog
Potions
 q - 2 potions of mutation {!q}
 t - a potion of heal wounds
 B - 6 potions of flight
 E - a potion of resistance
 J - a potion of invisibility
 K - 2 potions of curing
 R - a potion of haste
 U - a potion of magic
 W - a potion of brilliance {unknown}
Books
 c - Elefoes's Handbook of Displacement

   Spells                             Type                      Level
   a - Apportation                    Translocation                1
   b - Gell's Gravitas                Translocation                3
 d - the Papyrus of Weightlessness

   Spells                             Type                      Level
   a - Swiftness                      Charms/Air                   2
   b - Poisonous Vapours              Poison/Air                   2
Comestibles
 f - 4 bread rations
 r - a meat ration
 N - 4 fruits
 P - 8 royal jellies


   Skills:
 + Level 10.9 Fighting
 - Level 1.0 Staves
 + Level 8.5 Dodging
 - Level 1.7 Stealth
 - Level 5.0 Shields
 - Level 6.1 Spellcasting
 - Level 2.0 Charms
   Level 3.0 Fire Magic
 - Level 2.1 Air Magic
   Level 1.0 Earth Magic
 - Level 3.2 Poison Magic
 - Level 1.0 Evocations


You had 16 spell levels left.
You knew the following spells:

 Your Spells              Type           Power        Failure   Level  Hunger
a - Apportation           Tloc           #.....       26%         1    None
p - Poisonous Vapours     Pois/Air       ##....       13%         2    ##.....
W - Swiftness             Chrm/Air       ##......     17%         2    ##.....


Dungeon Overview and Level Annotations

Branches:
Dungeon (10/15)            Temple (0/1) D:7
   Lair: D:8-11         Orc: D:9-12

Altars:
Ashenzari
Elyvilon
Kikubaaqudgha
Nemelex Xobeh
Sif Muna
Trog
Vehumet
Wu Jian
Zin

Shops:
D:7 *

Annotations:
D:10 Dominolapin's ghost, journeyman HuWr


Innate Abilities, Weirdness & Mutations

You can spit globs of acid.
You are resistant to acid.
Your golden yellow scales are hard. (AC +7)
You cannot fit into any form of body armour.
You are cold-blooded and may be slowed by cold attacks.
You are agile. (Dex +2)
You possess an exceptional clarity of mind.
You have an increased reservoir of magic. (+10% MP)
Your spells are a little harder to cast, but a little more powerful.


Message History

Dominolapin's ghost (journeyman Human Warper) comes into view.
It is wielding a weapon of electrocution.
Press: ? - help, v - describe, . - travel
Here: Dominolapin's ghost, wielding a weapon of electrocution (hasn't noticed you)
The floor.
Okay, then.
As you read the scroll of identify, it crumbles to dust.
U - a potion of magic Dominolapin's ghost casts a spell.
Space distorts along a thin shroud covering Dominolapin's ghost's form.
Okay, then.
Wield which item (- for none, * to show all)? (? for menu, Esc to quit)
Your +1 falchion of holy wrath softly glows with a divine radiance!
V - a +1 falchion of holy wrath (weapon)
You feel agile all of a sudden.
You feel very mighty all of a sudden.
Dominolapin's ghost mumbles some strange words.
Dominolapin's ghost blinks!
Dominolapin's ghost mumbles some strange words.
Dominolapin's ghost blinks!
Dominolapin's ghost gestures wildly while chanting.
Dominolapin's ghost blinks!
Found a twisted peridot ring and 17 stones.
i - a scroll of teleportation
There are no items here.
You spin and attack Dominolapin's ghost.
You slash Dominolapin's ghost!
Dominolapin's ghost convulses.
Dominolapin's ghost is lightly damaged.
Dominolapin's ghost hits you!
* * * LOW HITPOINT WARNING * * *
You spin and attack Dominolapin's ghost.
You barely miss Dominolapin's ghost. You tail-slap Dominolapin's ghost.
Dominolapin's ghost is lightly damaged.
Dominolapin's ghost completely misses you.
You spin and attack Dominolapin's ghost.
You hit Dominolapin's ghost but do no damage.
Dominolapin's ghost is lightly damaged.
Dominolapin's ghost casts a spell.
Dominolapin's ghost blinks!
A yak comes into view.
You see here a twisted peridot ring.
F - a twisted peridot ring Put on which piece of jewellery? (? for menu, Esc to quit)
F - a ring of protection from fire (right hand)
You attack Dominolapin's ghost from above.
You hit Dominolapin's ghost but do no damage.
Dominolapin's ghost is lightly damaged.
Dominolapin's ghost mumbles some strange words.
Dominolapin's ghost blinks!
You spin and attack Dominolapin's ghost.
You hit Dominolapin's ghost but do no damage.
Your tail-slap misses Dominolapin's ghost.
Dominolapin's ghost is lightly damaged.
Dominolapin's ghost hits you!
* * * LOW HITPOINT WARNING * * *
You attack Dominolapin's ghost from above.
You hit Dominolapin's ghost.
Dominolapin's ghost's shroud falls apart!
Dominolapin's ghost convulses.
Dominolapin's ghost is lightly damaged.
Dominolapin's ghost gestures wildly while chanting.
Space distorts along a thin shroud covering Dominolapin's ghost's form.
You feel much better. You block Dominolapin's ghost's attack.
You attack Dominolapin's ghost from above.
You hit Dominolapin's ghost but do no damage.
Your tail-slap misses Dominolapin's ghost.
Dominolapin's ghost is lightly damaged.
Dominolapin's ghost is distracted by your jump.
Dominolapin's ghost turns its malevolent gaze towards you.
You hit Dominolapin's ghost but do no damage.
Your tail-slap misses Dominolapin's ghost.
Dominolapin's ghost is lightly damaged.
You block Dominolapin's ghost's attack. Dominolapin's ghost barely misses you.
You attack Dominolapin's ghost from above, but your attack speed is too slow for a blow to land.
You spin and attack Dominolapin's ghost.
You closely miss Dominolapin's ghost.
Dominolapin's ghost is lightly damaged.
You block Dominolapin's ghost's attack.
You spin and attack Dominolapin's ghost.
Dominolapin's ghost's shroud bends your attack away.
Dominolapin's ghost hits you!
* * * LOW HITPOINT WARNING * * *
You are electrocuted!
* * * LOW HITPOINT WARNING * * *
You spin and attack Dominolapin's ghost.
You barely miss Dominolapin's ghost. You tail-slap Dominolapin's ghost.
Dominolapin's ghost is lightly damaged.
Dominolapin's ghost completely misses you.
You riposte.
You hit Dominolapin's ghost but do no damage.
Your tail-slap misses Dominolapin's ghost.
Dominolapin's ghost is lightly damaged.
Unknown command.
Press: ? - help, v - describe, . - travel
Here: Dominolapin's ghost, wielding a weapon of electrocution (lightly damaged, shrouded)
The floor.
Unknown command.
Unknown command.
Dominolapin's ghost hits you but does no damage.
You are electrocuted!
You die...

........... ...........#
#.# .# ...........#
#.##.### ...........##
#....... ...........
........ #........#
#....... #.....# #.......
#(..@.########.......
#...W................
#.....########.......
.######.....########.######
Y..........................
.######....................
#####.....###########
#######


You could see Dominolapin's ghost.

Vanquished Creatures
  Erolcha (D:9)
  A two-headed ogre (D:8)
  An unseen horror (D:10)
  A queen bee (D:8)
  A troll (D:8)
  A hornet (D:7)
  2 hippogriffs
  2 wyverns
  A phantom (D:9)
  An ice beast (D:5)
  An orc warrior (D:8)
  4 sky beasts
  5 ogres
  A centaur (D:7)
  Blork the orc (D:4)
  2 big kobolds (D:3)
  3 bullfrogs
  3 scorpions
  20 killer bees (D:8)
  4 wights
  2 howler monkeys (D:6)
  A crimson imp (D:6)
  2 centaur zombies
  3 orc priests
  A centaur skeleton (D:4)
  A gnoll shaman (D:4)
  4 iguanas
  Ijyb (D:4)
  10 worker ants
  8 orc wizards
  2 hound skeletons
  A howler monkey zombie (D:9)
  A worker ant zombie (D:7)
  13 gnolls
  A river rat (D:4)
  17 adders
  2 shadow imps
  6 oozes
  An adder skeleton (D:5)
  An adder zombie (D:7)
  5 worms
  3 dart slugs
  4 leopard geckos
  24 orcs
  12 bats
  4 giant cockroaches
  A goblin (D:3)
  3 hobgoblins
  16 jackals
  3 quokkas
  6 ball pythons
  4 frilled lizards
  A jackal skeleton (D:5)
  12 kobolds
  A leopard gecko skeleton (D:7)
  A quokka skeleton (D:5)
  5 rats
239 creatures vanquished.

Vanquished Creatures (others)
  An orc (D:8)
  A quokka (D:8)
2 creatures vanquished.

Grand Total: 241 creatures vanquished

Notes
Turn   | Place    | Note
-------+----------+-------------------------------------------
     0 | D:1      | tidbits the Draconian Wanderer began the quest for the Orb.
     0 | D:1      | tidbits set off with: a +2 dagger, a potion of berserk rage, Elefoes's Handbook of Displacement, the Papyrus of Weightlessness, a bread ration
     0 | D:1      | Reached XP level 1. HP: 16/16 MP: 2/2
     0 | D:1      | Identified Elefoes's Handbook of Displacement
     0 | D:1      | Identified the Papyrus of Weightlessness
   137 | D:2      | Found a shattered altar of Ashenzari.
   140 | D:2      | Reached skill level 1 in Dodging
   140 | D:2      | Reached XP level 2. HP: 24/24 MP: 3/3
   188 | D:2      | Reached skill level 2 in Fighting
   274 | D:2      | Reached XP level 3. HP: 26/29 MP: 4/4
   494 | D:2      | Reached skill level 1 in Shields
   521 | D:1      | Reached skill level 3 in Fighting
   540 | D:1      | Reached XP level 4. HP: 16/38 MP: 5/5
   727 | D:3      | Reached skill level 2 in Shields
   764 | D:3      | Found a sparkling altar of Nemelex Xobeh.
   800 | D:3      | Reached XP level 5. HP: 46/46 MP: 6/6
   887 | D:3      | Reached skill level 4 in Fighting
   913 | D:3      | Reached skill level 3 in Shields
   913 | D:3      | Reached XP level 6. HP: 35/53 MP: 7/7
  1042 | D:3      | Gained mutation: Your spells are a little harder to cast, but a little more powerful. [potion of mutation]
  1042 | D:3      | Gained mutation: You possess an exceptional clarity of mind. [potion of mutation]
  1042 | D:3      | Gained mutation: You have an increased reservoir of magic. (+10% MP) [potion of mutation]
  1042 | D:3      | Gained mutation: You are agile. (Dex +2) [potion of mutation]
  1068 | D:4      | Found an ancient bone altar of Kikubaaqudgha.
  1120 | D:4      | Noticed Blork the orc
  1143 | D:4      | Killed Blork the orc
  1143 | D:4      | Reached skill level 5 in Fighting
  1188 | D:4      | Reached skill level 4 in Shields
  1202 | D:4      | Reached skill level 2 in Dodging
  1216 | D:4      | HP: 5/56 [gnoll/flail (12)]
  1262 | D:4      | Noticed a sky beast
  1319 | D:4      | Killed a sky beast
  1319 | D:4      | Your scales start taking on a golden yellow colour.
  1319 | D:4      | Reached XP level 7. HP: 16/61 MP: 9/9
  1356 | D:4      | Found a glowing drain.
  1379 | Sewer    | Entered a sewer
  1954 | D:4      | Noticed Ijyb
  1958 | D:4      | Killed Ijyb
  1958 | D:4      | Reached skill level 3 in Dodging
  2034 | D:4      | Reached skill level 5 in Shields
  2038 | D:4      | Learned a level 2 spell: Swiftness
  2084 | D:5      | Entered Level 5 of the Dungeon
  2101 | D:4      | Found a bloodstained altar of Trog.
  2213 | D:5      | Reached skill level 1 in Charms
  2213 | D:5      | Reached skill level 1 in Air Magic
  2353 | D:6      | Reached skill level 2 in Air Magic
  2381 | D:6      | Reached skill level 2 in Charms
  2409 | D:6      | Reached skill level 6 in Fighting
  2409 | D:6      | Reached XP level 8. HP: 70/70 MP: 10/10
  2514 | D:6      | Reached skill level 4 in Dodging
  2588 | D:6      | Learned a level 2 spell: Poisonous Vapours
  2735 | D:7      | Reached skill level 1 in Poison Magic
  2752 | D:7      | Reached skill level 2 in Poison Magic
  2845 | D:6      | Reached skill level 3 in Poison Magic
  2905 | D:5      | Reached skill level 7 in Fighting
  3055 | D:6      | Found an ornate altar of the Wu Jian Council.
  3063 | D:6      | Became a worshipper of the Wu Jian Council
  3289 | D:7      | Reached skill level 5 in Dodging
  3429 | D:7      | Found Neghiuwa's General Store.
  3457 | D:7      | Bought a potion of heal wounds for 50 gold pieces
  3457 | D:7      | Bought a potion of agility for 40 gold pieces
  3463 | D:7      | Found a deep blue altar of Sif Muna.
  3463 | D:7      | Found a radiant altar of Vehumet.
  3467 | D:7      | Reached XP level 9. HP: 52/81 MP: 11/11
  3493 | D:7      | Reached skill level 8 in Fighting
  3531 | D:8      | Reached * piety under Wu Jian
  3555 | D:8      | Found a white marble altar of Elyvilon.
  3675 | D:8      | HP: 5/82 [iguana (13)]
  3679 | D:8      | Reached skill level 6 in Dodging
  3812 | D:7      | Found a staircase to the Ecumenical Temple.
  4135 | D:8      | Reached skill level 2 in Spellcasting
  4142 | D:8      | Reached skill level 3 in Spellcasting
  4158 | D:8      | Reached skill level 4 in Spellcasting
  4159 | D:8      | Noticed a queen bee
  4203 | D:8      | HP: 8/82 [queen bee (6)]
  4219 | D:8      | Learned a level 1 spell: Apportation
  4278 | D:8      | Noticed a two-headed ogre
  4296 | D:8      | Killed a two-headed ogre
  4296 | D:8      | Reached ** piety under Wu Jian
  4296 | D:8      | Reached skill level 6 in Spellcasting
  4318 | D:8      | Reached XP level 10. HP: 22/90 MP: 4/21
  4447 | D:8      | Reached skill level 9 in Fighting
  4970 | D:8      | Reached skill level 7 in Dodging
  5116 | D:9      | Noticed Erolcha
  5121 | D:9      | Killed Erolcha
  5121 | D:9      | Reached skill level 10 in Fighting
  5164 | D:9      | Found a white marble altar of Elyvilon.
  5330 | D:8      | Reached skill level 8 in Dodging
  5539 | D:9      | Found a glowing silver altar of Zin.
  5586 | D:10     | Entered Level 10 of the Dungeon
  5613 | D:10     | Reached *** piety under Wu Jian
  5673 | D:10     | Killed an unseen horror
  5682 | D:10     | Noticed Dominolapin's ghost (journeyman HuWr)
  5725 | D:10     | Slain by Dominolapin's ghost

Vault maps used:
D:1:      arrival_zaba_pyramid
D:2:      evilmike_ruin_ashenzari, grunt_ministairs_6
D:3:      cheibrodos_thug_alley, nemelex_xobeh_ov_fountains_minmay, first_bread
D:4:      nicolae_overflow_hidden_temple, kiku_gazebo_pond_becter,
          cheibrodos_sewer_entry_sluice, uniq_blork_the_orc, uniq_ijyb
D:6:      overflow_temple_1_default
D:7:      amethyst_overflow_temple_binary, minmay_temple_entry_statues,
          serial_shops, nicolae_shop_crystal
D:8:      cheibrodos_two_vegetables, david_nohive_1, elyvilon_altar_4
D:9:      tso_altar, zin_scriptorium, lemuel_round_altar, lair_entry_dummy,
          kennysheep_orc_monster_closet_entryway, uniq_erolcha
D:10:     minmay_tri_box
Sewer:    sewer_fruit_machine

Skill      XL: |  1  2  3  4  5  6  7  8  9 10 |
---------------+-------------------------------+-----
Dodging        | 1 2 3 5 6 8 |  8.5
Fighting       | 2 3 4 5 6 7 8 10 | 10.9
Shields        | 1 2 3 4 5 |  5.0
Charms         | 2 |  2.0
Air Magic      | 2 |  2.1
Poison Magic   | 3 |  3.2
Spellcasting   | 6 |  6.1
Staves         | |  1.0
Stealth        | |  1.7
Fire Magic     | |  3.0
Earth Magic    | |  1.0
Evocations     | |  1.0

Action                   |  1- 3 |  4- 6 |  7- 9 | 10-12 || total
-------------------------+-------+-------+-------+-------++-------
Melee: Dagger            |   107 |   186 |   400 |   294 ||   987
       Tailslap          |    11 |    35 |    91 |    54 ||   191
       Hand axe          |       |       |   153 |       ||   153
       Falchion          |       |       |       |    11 ||    11
 Fire: Blowgun           |       |       |     5 |       ||     5
Throw: Stone             |       |     2 |       |       ||     2
       Tomahawk          |       |       |     2 |       ||     2
 Cast: Poisonous Vapours |       |       |    33 |    52 ||    85
 Abil: Breathe Acid      |       |       |    31 |     6 ||    37
Evoke: Wand              |       |       |    16 |    12 ||    28
  Use: Scroll            |     2 |     5 |    17 |     2 ||    26
       Potion            |       |     5 |     4 |     3 ||    12
 Stab: Sleeping          |     1 |       |     5 |       ||     6
       Distracted        |       |       |     2 |       ||     2
  Eat: Chunk             |       |     2 |    30 |     7 ||    39
       Meat ration       |       |       |     1 |       ||     1
       Royal jelly       |       |       |     1 |       ||     1
       Fruit             |       |       |     1 |       ||     1
Armor: Skin              |    42 |    36 |   146 |    30 ||   254
Dodge: Dodged            |    65 |    46 |   327 |   144 ||   582
Block: Shield            |    16 |    56 |    64 |       ||   136
       Buckler           |       |       |    96 |    59 ||   155
       Rpst.: Falchion   |       |       |       |     1 ||     1

Table legend:
 A = Spawn XP
 B = Non-spawn XP
 C = Spawn XP percentage of total XP
 D = Spawn monster count
 E = Non-spawn monster count
 F = Spawn count percentage of total count
 G = Total turns spent on level
                    A         B        C        D         E        F      G
               +---------+---------+-------+---------+---------+-------+---------
         Total |     881 |    9482 |   8.5 |      14 |     225 |   5.9 |  5725
               +---------+---------+-------+---------+---------+-------+---------
           D:1 |       1 |      21 |   4.5 |       1 |       7 |  12.5 |   241
           D:2 |       7 |      87 |   7.4 |       3 |      20 |  13.0 |   471
           D:3 |       4 |     290 |   1.4 |       1 |      18 |   5.3 |   332
           D:4 |      15 |     637 |   2.3 |       2 |      19 |   9.5 |   662
           D:5 |     127 |     325 |  28.1 |       1 |      18 |   5.3 |   536
           D:6 |       3 |     869 |   0.3 |       1 |      31 |   3.1 |   651
           D:7 |     420 |     526 |  44.4 |       2 |      21 |   8.7 |   701
           D:8 |      13 |    4242 |   0.3 |       1 |      50 |   2.0 |  1018
           D:9 |     291 |    1288 |  18.4 |       2 |      11 |  15.4 |   530
          D:10 |       0 |    1112 |   0.0 |       0 |       6 |   0.0 |   139
         Sewer |       0 |      85 |   0.0 |       0 |      24 |   0.0 |   444
               +---------+---------+-------+---------+---------+-------+---------

Table legend:
 A = Turns spent in this place as a percentage of turns spent in the entire game.
 B = Non-inter-level travel turns spent in this place as a percentage of non-inter-level travel turns spent in the entire game.
 C = Inter-level travel turns spent in this place as a percentage of turns spent in this place.
 D = Turns resting spent in this place as a percentage of non-inter-level travel turns spent in this place.
 E = Turns spent auto-exploring this place as a percentage of non-inter-level travel turns spent in this place.
 F = Non-inter-level travel turns spent in this place divided by the number of levels of this place that you've seen.
                   A       B       C       D       E      F
               +-------+-------+-------+-------+-------+----------------------
         Total | 100.0 | 100.0 |   5.6 |   0.0 |   0.0 | 491.5
       Dungeon |  92.2 |  91.8 |   6.0 |   0.0 |   0.0 | 496.3
         Sewer |   7.8 |   8.2 |   0.0 |   0.0 |   0.0 | 444.0
               +-------+-------+-------+-------+-------+----------------------

Table legend:
 A = Kills in this place as a percentage of kills in entire the game.
 B = Kills by you in this place as a percentage of kills by you in the entire game.
 C = Kills by friends in this place as a percentage of kills by friends in the entire game.
 D = Other kills in this place as a percentage of other kills in the entire game.
 E = Experience gained in this place as a percentage of experience gained in the entire game.
 F = Experience gained in this place divided by the number of levels of this place that you have seen.
                   A       B       C       D       E      F
               +-------+-------+-------+-------+-------+----------------------
         Total | 100.0 | 100.0 |   N/A |   N/A | 100.0 | 942.1
       Dungeon |  90.0 |  90.0 |   N/A |   N/A |  99.2 | 1027.8
         Sewer |  10.0 |  10.0 |   N/A |   N/A |   0.8 |  85.0
               +-------+-------+-------+-------+-------+----------------------

Vault maps used:
D:1:      arrival_zaba_pyramid
D:2:      evilmike_ruin_ashenzari, grunt_ministairs_6
D:3:      cheibrodos_thug_alley, nemelex_xobeh_ov_fountains_minmay, first_bread
D:4:      nicolae_overflow_hidden_temple, kiku_gazebo_pond_becter,
          cheibrodos_sewer_entry_sluice, uniq_blork_the_orc, uniq_ijyb
D:6:      overflow_temple_1_default
D:7:      amethyst_overflow_temple_binary, minmay_temple_entry_statues,
          serial_shops, nicolae_shop_crystal
D:8:      cheibrodos_two_vegetables, david_nohive_1, elyvilon_altar_4
D:9:      tso_altar, zin_scriptorium, lemuel_round_altar, lair_entry_dummy,
          kennysheep_orc_monster_closet_entryway, uniq_erolcha
D:10:     minmay_tri_box
Sewer:    sewer_fruit_machine
